 Dungeon Crawl Stone Soup version 0.27-a0-1060-gcb85b5eba1 (webtiles) character file.

Game seed: 1704473245889457148

704 porpoise the Skirmisher (level 7, -9/54 HPs)
             Began as a Djinni Venom Mage on Apr 21, 2021.
             Was an Initiate of Makhleb.
             Shot with an arrow by a centaur (14 damage)
             ... on level 5 of the Dungeon on Apr 22, 2021.
             The game lasted 00:19:16 (6959 turns).

porpoise the Skirmisher (Djinni Venom Mage)         Turns: 6959, Time: 00:19:17

Health: -9/54      AC:  2    Str:  7    XL:     7   Next: 67%
Gold:   166        EV: 12    Int: 19    God:    Makhleb [......] SH:  0 Dex: 13

rFire    + + .     SeeInvis .   b - +0 hunting sling
rCold    x . .     Faith    .   (no shield)
rNeg     . . .     Spirit   .   s - +0 robe
rPois    ∞         Reflect  .   (no helmet)
rElec    .         Harm     .   (no cloak)
rCorr    .         Rampage  .   (no gloves)
Will     .....                  (boots unavailable)
Stlth    ++........             (no amulet)
HPRegen  0.18/turn              (no ring)
MPRegen  0.00/turn              (no ring)

@: flying
A: fire resistance 2, cold vulnerability 1, float, innate caster, hp casting,
extra vitality 1
a: Renounce Religion


You were on level 5 of the Dungeon.
You worshipped Makhleb.
Makhleb was noncommittal.
You visited 2 branches of the dungeon, and saw 6 of its levels.

You collected 166 gold pieces.

Inventory:

Hand Weapons
 a - a +1 trident of venom
 b - a +0 hunting sling (weapon)
Missiles
 d - 2 silver javelins
 f - 77 stones
 g - 86 arrows
 m - 21 bolts
 n - a throwing net
 w - 4 poisoned darts
 x - 12 sling bullets (quivered ammo)
 z - 5 curare-tipped darts
 D - 10 javelins
Armour
 s - a +0 robe (worn)
Jewellery
 j - an amulet of reflection
Scrolls
 h - a scroll of amnesia {unknown}
 i - a scroll of noise {unknown}
 l - a scroll of torment {unknown}
 p - a scroll of magic mapping {unknown}
 r - a scroll of brand weapon {unknown}
 A - a scroll of teleportation {unknown}
 C - a scroll of immolation
Potions
 c - 3 potions of curing
 e - 2 potions of brilliance
 k - a potion of lignification {unknown}
 o - 2 potions of attraction
 q - a potion of mutation {unknown}
 t - a potion of degeneration {unknown}
 u - a potion of flight {unknown}
 v - a potion of might {unknown}
 B - a potion of magic {unknown}


   Skills:
 + Level 5.6 Fighting
 - Level 2.1 Dodging
 - Level 1.5 Stealth
 + Level 5.5 Spellcasting


You couldn't memorise any spells.
You knew the following spells:

 Your Spells              Type           Power      Damage    Failure   Level
a - Sting                 Tmut/Pois      100%       1d8       1%          1
c - Conjure Flame         Conj/Fire      26%        6-21      3%          3
i - Ignite Poison         Fire/Tmut/Pois 26%        N/A       3%          3
m - Mephitic Cloud        Conj/Pois/Air  26%        N/A       3%          3
o - Olgreb's Toxic Radia  Pois           26%        N/A       12%         4
r - Corpse Rot            Necr/Air       N/A        N/A       1%          2
s - Foxfire               Conj/Fire      100%       2x1d9     1%          1
v - Poisonous Vapours     Pois/Air       52%        N/A       1%          2
Your spell library was empty.

Dungeon Overview and Level Annotations

Branches:
Dungeon (5/15)             Temple (1/1) D:4

Altars:
Ashenzari
Cheibriados
Dithmenos
Elyvilon
Gozag
Kikubaaqudgha
Makhleb
Nemelex Xobeh
Okawaru
Qazlal
Ru
Trog
Uskayaw
Wu Jian
Yredelemnul
Zin
The Shining One


Innate Abilities, Weirdness & Mutations

You are immune to poison.
Your flesh is very heat resistant. (rF++)
You are vulnerable to cold. (rC-)
You float through the air rather than walking.
You learn spells naturally, not from books.
Your magical power is your life essence.
You have superior vitality. (+4 HP)


Message History

Casting: Foxfire (safe; 1% risk of failure)
Confirm with . or Enter, or press ? or * to list all spells.
You conjure some foxfire!
The hornet zombie hits you.
The foxfire hits the hornet zombie.
The hornet zombie is heavily damaged.
The foxfire hits the hornet zombie.
The hornet zombie is heavily damaged.
The hornet zombie misses you. The hornet zombie closely misses you.
Casting: Foxfire (safe; 1% risk of failure)
Confirm with . or Enter, or press ? or * to list all spells.
You conjure some foxfire!
The hornet zombie hits you!
The foxfire hits the hornet zombie but does no damage.
The hornet zombie is heavily damaged.
The foxfire hits the hornet zombie!
The hornet zombie is severely damaged.
Casting: Foxfire (safe; 1% risk of failure)
Confirm with . or Enter, or press ? or * to list all spells.
You conjure some foxfire!
The hornet zombie closely misses you. The hornet zombie hits you!
* * * LOW HITPOINT WARNING * * *
The foxfire hits the hornet zombie.
The hornet zombie is severely damaged.
The foxfire hits the hornet zombie.
The hornet zombie is almost destroyed.
Casting: Foxfire (safe; 1% risk of failure)
Confirm with . or Enter, or press ? or * to list all spells.
You conjure some foxfire!
* * * LOW HITPOINT WARNING * * *
The hornet zombie hits you!
* * * LOW HITPOINT WARNING * * *
The foxfire hits the hornet zombie.
The hornet zombie is almost destroyed.
The foxfire hits the hornet zombie but does no damage.
The hornet zombie is almost destroyed.
A centaur comes into view.
The hornet zombie barely misses you. The hornet zombie closely misses you.
The centaur shouts!
The centaur wields a +0 shortbow.
The centaur shoots an arrow.
The arrow hits you!
You die...

....#.#.##.###.#..#.#####
#(.#...##..........#
#...#))######.#.[#####
#.#.#.)######.#......# #
#.#...........#...##.#
#.#.##.#.########...##.#
#................#.###.#
######.##...#####.##.#
#†#
+......##...@...#.##.#
#.#
###....##....Z..c....#
#.# #.#.###..#.#....####
#.# #######.#.#
#....###########.#
........#.#
#.#..##..........#
#####.#.#.#
#.#.>##.##########
##..#.#.#.# #.......#
)...#.#.#.# #########
##.##.#.#.#


You could see a centaur and a hornet zombie.

Vanquished Creatures
  An ogre (D:4)
  A centaur (D:5)
  A gnoll sergeant (D:5)
  A scorpion (D:4)
  A hound (D:5)
  A bullfrog skeleton (D:4)
  An orc priest (D:4)
  2 iguanas
  A hound skeleton (D:5)
  Robin (D:3)
  8 gnolls
  A howler monkey skeleton (D:4)
  4 adders
  An ufetubus (D:4)
  5 worms
  7 dart slugs
  3 orcs (D:4)
  11 endoplasms
  5 giant cockroaches
  19 goblins
  7 hobgoblins
  6 jackals
  2 quokkas
  3 ball pythons
  8 bats
  5 frilled lizards
  8 kobolds
  3 rats
117 creatures vanquished.

Vanquished Creatures (others)
  69 foxfires
69 creatures vanquished.

Grand Total: 186 creatures vanquished

Notes
Turn   | Place    | Note
-------+----------+-------------------------------------------
     0 | D:1      | porpoise the Djinni Venom Mage began the quest for the Orb.
     0 | D:1      | Reached XP level 1. HP: 15/15 MP: 0/0
   146 | D:1      | Reached skill level 1 in Fighting
   146 | D:1      | Reached XP level 2. HP: 18/22 MP: 0/0
   716 | D:1      | Reached XP level 3. HP: 18/27 MP: 0/0
   716 | D:1      | Learned a level 1 spell: Foxfire
  2436 | D:2      | Reached XP level 4. HP: 12/33 MP: 0/0
  4304 | D:3      | Found an iron altar of Okawaru.
  4337 | D:3      | Found a glowing silver altar of Zin.
  4521 | D:3      | Noticed Robin
  4524 | D:3      | Killed Robin
  4538 | D:3      | Reached XP level 5. HP: 33/40 MP: 0/0
  4538 | D:3      | Learned a level 2 spell: Corpse Rot
  4767 | D:3      | Found an opulent altar of Gozag.
  4903 | D:3      | Found a faded altar of an unknown god.
  5419 | D:4      | Upgraded the game from 0.27-a0-1051-g288ea87c7c to
                  | 0.27-a0-1060-gcb85b5eba1
  5471 | D:4      | Noticed an ogre
  5474 | D:4      | Killed an ogre
  5475 | D:4      | Reached XP level 6. HP: 39/47 MP: 0/0
  5916 | D:4      | Found a staircase to the Ecumenical Temple.
  5939 | Temple   | Entered the Ecumenical Temple
  5961 | Temple   | Became a worshipper of Makhleb the Destroyer
  6171 | D:4      | Reached skill level 5 in Spellcasting
  6171 | D:4      | Reached XP level 7. HP: 48/53 MP: 0/0
  6171 | D:4      | Learned a level 3 spell: Conjure Flame
  6409 | D:5      | Entered Level 5 of the Dungeon
  6522 | D:5      | Reached skill level 5 in Fighting
  6959 | D:5      | Shot with an arrow by a centaur

Illustrated notes

Levels and vault maps discovered:
D:1:      matt_arrival_los_fun, layout_basic
D:2:      minmay_skewed_foursquare, layout_basic
D:3:      layout_basic, pdpol_temple_overflow_zin_treasury_gozag_greed,
          nicolae_overflow_hidden_temple,
          hellmonk_ecumenical_altar_slurped_away, corexii_leaking_fountain,
          uniq_robin
D:4:      layout_rooms, minmay_temple_entry_stoned_glass
D:5:      layout_basic
Temple:   nicolae_temple_x_marks_the_god

Skill      XL: |  1  2  3  4  5  6  7 |
---------------+----------------------+-----
Fighting       | 1 2 3 4 5 |  5.6
Spellcasting   | 3 4 5 |  5.5
Dodging        | |  2.1
Stealth        | |  1.5

Action                   |  1- 3 |  4- 6 |  7- 9 || total
-------------------------+-------+-------+-------++-------
Melee: Short sword       |    15 |    22 |       ||    37
       Spear             |       |     2 |     7 ||     9
 Fire: Hunting sling     |       |    60 |     1 ||    61
 Cast: Sting             |    40 |    63 |     1 ||   104
       Foxfire           |    24 |    10 |     9 ||    43
       Poisonous Vapours |     4 |    28 |    11 ||    43
       Ignite Poison     |       |     9 |     9 ||    18
       Olgreb's Toxic Ra |       |     1 |       ||     1
       Corpse Rot        |       |       |     1 ||     1
  Use: Scroll            |       |       |     4 ||     4
Armor: Robe              |    10 |     9 |     2 ||    21
Dodge: Dodged            |    21 |    36 |    19 ||    76

Table legend: (Time is in decaauts)
 A = Elapsed time spent in this place.
 B = Non-inter-level travel time spent in this place.
 C = Inter-level travel time spent in this place.
 D = Time resting spent in this place.
 E = Time spent auto-exploring this place.
 F = Levels seen in this place.
 G = Mean time per level.
                   A        B        C        D        E       F      G
               +--------+--------+--------+--------+--------+-----+--------+
         Total |   6968 |   6866 |    102 |   2998 |   3101 |   6 | 1161.3 |
       Dungeon |   6937 |   6843 |     94 |   2998 |   3092 |   5 | 1387.4 |
        Temple |     30 |     22 |      8 |      0 |      9 |   1 |   30.0 |
               +--------+--------+--------+--------+--------+-----+--------+

Top non-repeatable levels by time:
     D:2: 2211 daAuts
     D:1: 2058 daAuts
     D:4: 1143 daAuts
     D:3: 976 daAuts
     D:5: 547 daAuts
  Temple: 30 daAuts
